 Dungeon Crawl Stone Soup version 0.29.1-15-g9cfb28693d (webtiles) character file.

Game seed: 4000867046158071918

154 Alturiack the Shooter (level 5, 0/32 HPs)
             Began as a Gargoyle Hunter on Apr 10, 2023.
             Slain by a lemure (3 damage)
             ... led by Pikel
             ... on level 4 of the Dungeon.
             The game lasted 00:09:06 (2191 turns).

Alturiack the Shooter (Gargoyle Hunter)             Turns: 2191, Time: 00:09:07

Health: 0/32       AC: 11    Str: 14    XL:     5   Next: 35%
Magic:  14/14      EV:  9    Int: 10    God:
Gold:   188        SH:  0    Dex: 15    Spells: 4/4 levels left

rFire   . . .      SeeInvis +   a - +0 shortbow
rCold   . . .      Faith    .   (shield currently unavailable)
rNeg    + . .      Spirit   .   i - +0 scale mail
rPois   ∞          Reflect  .   (no helmet)
rElec   +          Harm     .   (no cloak)
rCorr   .          Rampage  .   k - +0 pair of gloves
Will    .....                   (no boots)
Stlth   +.........              (no amulet)
HPRegen 0.10/turn               e - ring of see invisible
MPRegen 0.14/turn               m - ring of magical power

@: no status effects
A: sickness immunity, AC +4, negative energy resistance 1, electricity
resistance, torment resistance 1, petrification resistance
a: no special abilities


You were on level 4 of the Dungeon.
You visited 1 branch of the dungeon, and saw 4 of its levels.

You collected 188 gold pieces.

Inventory:

Hand Weapons
 a - a +0 shortbow (weapon)
Armour
 c - a +0 leather armour
 i - a +0 scale mail (worn)
 k - a +0 pair of gloves (worn)
Magical Staves
 l - a staff of conjuration
Jewellery
 e - a ring of see invisible (left hand)
 m - a ring of magical power (right hand)
Scrolls
 b - 2 scrolls of immolation
 d - a scroll of fear {unknown}
 f - 2 scrolls of noise {unknown}
 g - 2 scrolls of poison {unknown}
 j - 5 scrolls of identify {unknown}
 o - a scroll of fog {unknown}
 p - a scroll of enchant armour {unknown}
 q - a scroll of blinking {unknown}
Potions
 h - 3 potions of curing {unknown}
 n - a potion of resistance {unknown}


   Skills:
 * Level 3.2 Fighting
 * Level 5.6 Ranged Weapons
 * Level 1.1 Armour
 - Level 1.9 Dodging
 - Level 1.7 Stealth


You had 4 spell levels left.
You didn't know any spells.
Your spell library contained the following spells:

 Spells                   Type           Power      Damage    Failure   Level
 Sandblast                Erth           0%         2d4       86%         1
 Passwall                 Tmut/Erth      0%         N/A       94%         2
 Stone Arrow              Conj/Erth      0%         3d7       99%         3


Dungeon Overview and Level Annotations

Branches:
Dungeon (4/15)
 Temple: D:4-7

Altars:
Ru

Shops:
D:3 :

Annotations:
D:4 Pikel


Innate Abilities, Weirdness & Mutations

You are immune to sickness and miasma.
Your stone body is resilient. (AC +4)
You are immune to poison.
You resist negative energy. (rN+)
You are resistant to electric shocks. (rElec)
You are resistant to unholy torment.
You are immune to petrification.


Message History

You shoot an arrow. The arrow closely misses the lemure.
The arrow hits Pikel but does no damage.
You shoot an arrow. The arrow hits the lemure.
The lemure is lightly wounded.
The lemure hits you but does no damage.
You shoot an arrow. The arrow closely misses the lemure. x2
The arrow barely misses Pikel.
The arrow hits the lemure but does no damage.
The lemure is lightly wounded.
The lemure hits you. The lemure hits you but does no damage.
The lemure attacks as you move away! The lemure closely misses you.
You shoot an arrow. The arrow hits the lemure!
The lemure is heavily wounded.
The lemure closely misses you.
You shoot an arrow. The arrow hits Pikel.
Pikel is lightly wounded.
A lemure comes into view.
You shoot an arrow. The arrow hits Pikel.
Pikel is moderately wounded.
Pikel hits you with a +2 whip of freezing!
Pikel freezes you.
Pikel hits you with a +2 whip of freezing.
Pikel freezes you.
You are too injured to fight recklessly!
Pikel attacks as you move away! Pikel hits you but does no damage.
Pikel attacks as you move away!
Pikel hits you with a +2 whip of freezing.
* * * LOW HITPOINT WARNING * * *
Pikel freezes you.
* * * LOW HITPOINT WARNING * * *
You are too injured to fight recklessly!
You are too injured to fight recklessly!
You are too injured to fight recklessly!
You are too injured to fight recklessly!
You are too injured to fight recklessly!
You are too injured to fight recklessly!
You are too injured to fight recklessly!
The lemure attacks as you move away! The lemure hits you.
You die...

##..... ......<
########.......
#5..55.....#
###5#####....#
#..5.........#
#............#
#..K5.......$#
#####..@.........#
#.............####
#.###.).......#
#<####.##.# #.# .#
.# #.# .# #.# #.#
#.#


You could see Pikel and 4 lemures.

Vanquished Creatures
  An orc wizard (D:3)
  6 adders
  2 dart slugs
  A worm (D:2)
  4 orcs (D:3)
  5 endoplasms
  A giant cockroach (D:2)
  6 goblins
  4 hobgoblins
  7 jackals
  2 quokkas (D:1)
  10 ball pythons
  3 bats
  A frilled lizard (D:2)
  6 kobolds
  3 rats
62 creatures vanquished.

Notes
Turn   | Place    | Note
-------+----------+-------------------------------------------
     0 | D:1      | Alturiack the Gargoyle Hunter began the quest for the Orb.
     0 | D:1      | Reached XP level 1. HP: 12/12 MP: 1/1
    67 | D:1      | Reached XP level 2. HP: 18/18 MP: 2/2
   144 | D:1      | Found a faded altar of an unknown god.
   349 | D:1      | Reached XP level 3. HP: 22/22 MP: 3/3
   706 | D:2      | Found a sacrificial altar of Ru.
   825 | D:2      | Reached XP level 4. HP: 27/27 MP: 4/4
  1477 | D:3      | Reached skill level 5 in Ranged Weapons
  1585 | D:3      | Found Semiapp's Book Emporium.
  1617 | D:3      | Reached skill level 1 in Armour
  1617 | D:3      | Reached XP level 5. HP: 32/32 MP: 5/5
  2170 | D:4      | Noticed a lemure
  2170 | D:4      | Noticed Pikel
  2170 | D:4      | Noticed a lemure
  2170 | D:4      | Noticed a lemure
  2186 | D:4      | Noticed a lemure
  2191 | D:4      | Slain by a lemure

Illustrated notes

Levels and vault maps discovered:
D:1:      dpeg_arrival_orchard, layout_rooms, shapermc_ecumenical_altar_pompeii,
          corexii_leaking_fountain, kennysheep_doodads, minmay_crystal_room
D:2:      layout_basic, basic_altar, hex_tiny
D:3:      layout_loops_ring, serial_shops, shop
D:4:      layout_basic, lemuel_tele_altar, minmay_temple_entry_large_hall,
          uniq_pikel

Skill      XL: |  1  2  3  4 |
---------------+-------------+-----
Ranged Weapons | 5 |  5.6
Fighting       | 3 |  3.2
Armour         | 1 |  1.1
Dodging        | |  1.9
Stealth        | |  1.7

Action                   |  1- 3 |  4- 6 || total
-------------------------+-------+-------++-------
 Fire: Shortbow          |    86 |   112 ||   198
Armor: Leather armour    |    10 |       ||    10
       Scale mail        |    16 |    35 ||    51
Dodge: Dodged            |    32 |    23 ||    55
